 Dungeon Crawl Stone Soup version 0.16-a0-623-g20b2139 (webtiles) character file.

79 PolkaDot the Chopper (level 4, -4/39 HPs)
             Began as a Hill Orc Fighter on Sept 17, 2014.
             Slain by Grinder (5 damage)
             ... while paralysed by Grinder
             ... on Level 3 of the Dungeon.
             The game lasted 00:04:04 (1410 turns).

PolkaDot the Chopper (Hill Orc Fighter)             Turns: 1410, Time: 00:04:04

HP  -4/39        AC  9     Str 18      XL: 4   Next: 38%
MP   4/4         EV  2     Int  8      God:
Gold 112         SH  0     Dex 11      Spells:  0 memorised,  3 levels left

rFire  . . .     SeeInvis .     a - +0 war axe
rCold  . . .     Rnd*Rage +     j - +0 chain mail
rNeg   . . .     rCorr    .     c - +0 shield
rPois  .         rRot     .     (no helmet)
rElec  .         Spirit   .     (no cloak)
SustAb .         Warding  .     (no gloves)
rMut   .         Stasis   .     (no boots)
Gourm  .                        (no amulet)
MR     .....                    (no ring)
                                (no ring)

@: paralysed, not resistant to hostile enchantments, extremely unstealthy
A: berserk 1, mutation resistance 1
a: no special abilities


You were on level 3 of the Dungeon.
You were not hungry.

You visited 1 branch of the dungeon, and saw 3 of its levels.

You collected 112 gold pieces.

Inventory:

Hand weapons
 a - a +0 war axe (weapon)
Armour
 c - a +0 shield (worn)
 j - a +0 chain mail (worn)
Comestibles
 d - 2 meat rations
 k - a bread ration
 n - a beef jerky
 o - a rotting chunk of rat flesh
 p - a rotting chunk of rat flesh
 q - 5 fruits
 r - a chunk of adder flesh
 s - a chunk of goblin flesh
Scrolls
 e - 2 scrolls of identify {unknown}
 h - a scroll of teleportation {unknown}
 m - a scroll of enchant weapon {unknown}
Potions
 i - a potion of flight


   Skills:
 - Level 3.6 Fighting
 * Level 5.9 Axes
 - Level 3.2 Armour
 - Level 3.2 Shields


You had 3 spell levels left.
You didn't know any spells.

Dungeon Overview and Level Annotations

Branches:
Dungeon (3/15)

Altars:
Xom

Annotations:
D:3 Grinder


Innate Abilities, Weirdness & Mutations

You tend to lose your temper in combat.
You are somewhat resistant to further mutation.


Message History

Grinder is heavily wounded.
You block the goblin's attack. The goblin hits you but does no damage.
Grinder gestures at you.
You suddenly lose the ability to move!
The goblin barely misses you. The goblin hits you but does no damage.
Grinder hits you.
* * * LOW HITPOINT WARNING * * *
You writhe in agony.
* * * LOW HITPOINT WARNING * * *
The goblin hits you but does no damage. The goblin hits you but does no damage.
Grinder gestures at you. You resist with significant effort.
The goblin barely misses you. The goblin hits you but does no damage.
Grinder says, "Don't move a muscle."
Grinder hits you but does no damage. The goblin hits you.
* * * LOW HITPOINT WARNING * * *
The goblin barely misses you. Grinder hits you.
* * * LOW HITPOINT WARNING * * *
You writhe in agony.
You die...

## ... ..(.#
......##### ##
.......... #...
.......#.##....>
........5.........
#......g@%..?....
........g)...###.#
..<........##
.........###
#...[.##.. #....
#.#. ..## #.## .
... ..#


You could see Grinder and 2 goblins.

Vanquished Creatures
  3 adders (D:2)
  A worm (D:2)
  A giant gecko (D:1)
  An ooze (D:1)
  9 bats
  5 giant cockroaches
  5 goblins
  4 hobgoblins (D:1)
  4 kobolds
  A quokka (D:2)
  2 ball pythons
  2 giant newts (D:1)
  8 rats
46 creatures vanquished.

Notes
Turn   | Place    | Note
--------------------------------------------------------------
     0 | D:1      | PolkaDot, the Hill Orc Fighter, began the quest for the Orb.
     0 | D:1      | Reached XP level 1. HP: 19/19 MP: 1/1
    81 | D:1      | Reached XP level 2. HP: 26/26 MP: 2/2
   154 | D:1      | Reached skill level 4 in Axes
   444 | D:1      | Reached XP level 3. HP: 29/31 MP: 3/3
   618 | D:2      | Gained mutation: You tend to lose your temper in combat. [potion of mutation]
   618 | D:2      | Gained mutation: You are somewhat resistant to further mutation. [potion of mutation]
   621 | D:2      | Reached skill level 5 in Axes
  1126 | D:2      | Reached XP level 4. HP: 39/39 MP: 4/4
  1266 | D:2      | Found a shimmering altar of Xom.
  1393 | D:3      | Noticed Grinder
  1397 | D:3      | Paralysed by Grinder for 7 turns
  1406 | D:3      | Paralysed by Grinder for 6 turns
  1410 | D:3      | HP: 1/39 [Grinder (4)]
  1410 | D:3      | Slain by Grinder

Action                   |  1- 3 |  4- 6 || total
-------------------------+-------+-------++-------
Melee: War axe           |   115 |    18 ||   133
  Use: Potion            |     3 |     3 ||     6
  Eat: Chunk             |     2 |     1 ||     3
